 Dungeon Crawl Stone Soup version 0.28-a0-178-ga708605c5b (webtiles) character file.

Game seed: 12625680943732573996

55 timneilson the Covered (level 3, 0/23 HPs)
             Began as a Gargoyle Fighter on Aug 17, 2021.
             Slain by a goblin (6 damage)
             ... led by Robin
             ... on level 2 of the Dungeon.
             The game lasted 00:01:44 (1158 turns).

timneilson the Covered (Gargoyle Fighter)           Turns: 1158, Time: 00:01:45

Health: 0/23       AC: 10    Str: 20    XL:     3   Next: 93%
Magic:  3/3        EV:  7    Int:  8    God:
Gold:   57         SH:  8    Dex:  9    Spells: 2/2 levels left

rFire   . . .      SeeInvis .   a - +0 long sword
rCold   . . .      Faith    .   c - +0 kite shield
rNeg    + . .      Spirit   .   b - +0 scale mail
rPois   ∞          Reflect  .   (no helmet)
rElec   +          Harm     .   (no cloak)
rCorr   .          Rampage  .   (no gloves)
Will    +....                   (no boots)
Stlth   ..........              (no amulet)
HPRegen 0.07/turn               h - ring of willpower
MPRegen 0.08/turn               (no ring)

@: no status effects
A: sickness immunity, AC +3, negative energy resistance 1, electricity
resistance, torment resistance 1, petrification resistance
a: no special abilities


You were on level 2 of the Dungeon.
You visited 1 branch of the dungeon, and saw 2 of its levels.

You collected 57 gold pieces.

Inventory:

Hand Weapons
 a - a +0 long sword (weapon)
Armour
 b - a +0 scale mail (worn)
 c - a +0 kite shield (worn)
 i - a +0 chain mail
Jewellery
 h - a ring of willpower (left hand)
Potions
 d - a potion of might
 f - a potion of resistance


   Skills:
 + Level 3.6 Fighting
 * Level 2.4 Long Blades
 * Level 3.9 Armour
 * Level 3.8 Shields


You had 2 spell levels left.
You didn't know any spells.
Your spell library was empty.

Dungeon Overview and Level Annotations

Branches:
Dungeon (2/15)

Altars:


Innate Abilities, Weirdness & Mutations

You are immune to sickness and miasma.
Your stone body is resilient. (AC +3)
You are immune to poison.
You resist negative energy. (rN+)
You are resistant to electric shocks. (rElec)
You are resistant to unholy torment.
You are immune to petrification.


Message History

Robin roars a battlecry!
The goblins go into a battle-frenzy!
The goblin hits you but does no damage.
You hear a shout!
You slash Robin!
Robin is almost dead.
You block Robin's attack. You block the goblin's attack.
Robin hits you but does no damage. The goblin hits you but does no damage.
You hit Robin but do no damage.
Robin is almost dead.
A goblin comes into view. It is wielding a +0 dagger.
Robin roars a battlecry!
The goblin hits you but does no damage.
You closely miss Robin.
Robin is almost dead.
You block the goblin's attack. x2
A dart slug comes into view.
Unknown command.
You hit Robin.
You kill Robin!
You block the goblin's attack.
A goblin comes into view. It is wielding a +2 dagger of venom.
You block the goblin's attack. The goblin hits you but does no damage.
The goblin hits you with a +0 dagger.
Unknown command.
You completely miss the goblin. You block the goblin's attack.
The goblin hits you with a +0 dagger. The goblin hits you but does no damage.
You slash the goblin!
You kill the goblin!
You block the goblin's attack. The goblin hits you with a +0 dagger.
The goblin barely misses you. You block the goblin's attack. x2
You block the goblin's attack.
You see here a +0 club.
You hit the goblin.
The goblin is moderately wounded.
The goblin hits you with a +0 dagger.
* * * LOW HITPOINT WARNING * * *
You block the goblin's attack.
The goblin hits you with a +2 dagger of venom.
You die...

..# # ...
.#.. .#.##
..w# #..#
#..###
#ggg.#
##@#.#
#.......#
#........
##.#......
# ######.#
.# .# #


You could see a dart slug and 3 goblins.

Vanquished Creatures
  Robin (D:2)
  An adder (D:1)
  2 dart slugs (D:1)
  An endoplasm (D:1)
  7 goblins
  4 hobgoblins (D:1)
  2 kobolds (D:1)
  2 quokkas (D:1)
  A ball python (D:1)
  4 bats (D:1)
  3 frilled lizards (D:1)
  3 rats (D:1)
31 creatures vanquished.

Notes
Turn   | Place    | Note
-------+----------+-------------------------------------------
     0 | D:1      | timneilson the Gargoyle Fighter began the quest for the
                  | Orb.
     0 | D:1      | Reached XP level 1. HP: 14/14 MP: 1/1
     4 | D:1      | Found a faded altar of an unknown god.
   196 | D:1      | Reached XP level 2. HP: 17/19 MP: 2/2
   764 | D:1      | Reached XP level 3. HP: 18/23 MP: 3/3
  1007 | D:2      | Noticed Robin
  1154 | D:2      | Killed Robin
  1158 | D:2      | Slain by a goblin

Illustrated notes

Levels and vault maps discovered:
D:1:      dpeg_arrival_shrine, layout_loops_ring, basic_ecumenical_altar
D:2:      layout_loops_ring, uniq_robin

Skill      XL: |  1 |
---------------+----+-----
Long Blades    | 2 |  2.4
Fighting       | |  3.6
Armour         | |  3.9
Shields        | |  3.8

Action                   || total
-------------------------++-------
Melee: Long sword        ||   104
  Use: Scroll            ||     2
Armor: Scale mail        ||    74
Dodge: Dodged            ||    36
Block: Kite shield       ||    64
       Rpst.: Long sword ||     7

Table legend: (Time is in decaauts)
 A = Elapsed time spent in this place.
 B = Non-inter-level travel time spent in this place.
 C = Inter-level travel time spent in this place.
 D = Time resting spent in this place.
 E = Time spent auto-exploring this place.
 F = Levels seen in this place.
 G = Mean time per level.
                   A        B        C        D        E       F      G
               +--------+--------+--------+--------+--------+-----+--------+
         Total |   1217 |   1195 |     22 |    104 |    826 |   2 |  608.5 |
       Dungeon |   1217 |   1195 |     22 |    104 |    826 |   2 |  608.5 |
               +--------+--------+--------+--------+--------+-----+--------+

Top non-repeatable levels by time:
     D:1: 1192 daAuts
     D:2: 24 daAuts
